 Dungeon Crawl Stone Soup version 0.21.0-37-g46506fa (webtiles) character file.

5 Monsterracer the Magician (level 1, 10/18 HPs)
             Began as a Deep Dwarf Wizard on Jan 30, 2018.
             Quit the game on level 1 of the Dungeon.
             The game lasted 00:02:09 (866 turns).

Monsterracer the Magician (Deep Dwarf Wizard)        Turns: 866, Time: 00:02:09

Health: 10/18      AC:  0    Str: 10    XL:     1   Next: 66%
Magic:  4/4        EV: 12    Int: 18    God:
Gold:   0          SH:  0    Dex: 11    Spells: 4/5 levels left

rFire    . . .     SeeInvis .   b - +0 whip
rCold    . . .     Gourm    .   (no shield)
rNeg     . . .     Faith    .   (no armour)
rPois    .         Spirit   .   (no helmet)
rElec    .         Reflect  .   (no cloak)
rCorr    .         Harm     .   (no gloves)
MR       .....                  (no boots)
Stlth    ++........             (no amulet)
HPRegen  0.00/turn              (no ring)
MPRegen  0.09/turn              (no ring)

@: non-regenerating
A: damage resistance, heal wounds, sense surroundings 1, no regeneration
a: Heal Wounds


You were on level 1 of the Dungeon.
You were not hungry.

You visited 1 branch of the dungeon, and saw 1 of its levels.

Inventory:

Hand Weapons
 b - a +0 whip (weapon)
Armour
 a - a +0 robe
 f - a +0 helmet
 i - a +0 pair of boots
Scrolls
 g - a scroll of remove curse {unknown}
Potions
 e - a potion of haste {unknown}
 h - a potion of degeneration {unknown}
Books
 d - a book of Minor Magic

   Spells                             Type                      Level
   a - Magic Dart                     Conjuration                  1
   b - Blink                          Translocation                2
   c - Call Imp                       Summoning                    2
   d - Slow                           Hexes                        2
   e - Conjure Flame                  Conjuration/Fire             3
   f - Mephitic Cloud                 Conjuration/Poison/Air       3
Comestibles
 c - a ration


   Skills:
 + Level 1.1 Fighting
 - Level 2.1 Dodging
 - Level 2.4 Stealth
 - Level 2.6 Spellcasting
 - Level 0.8 Conjurations
   Level 0.8 Summonings
   Level 1.1 Translocations


You had 4 spell levels left.
You knew the following spells:

 Your Spells              Type           Power        Failure   Level  Hunger
a - Magic Dart            Conj           #...         12%         1    #......


Dungeon Overview and Level Annotations

Branches:
Dungeon (1/15)

Altars:


Innate Abilities, Weirdness & Mutations

You are resistant to damage.
You can heal yourself by infusing magical energy.
You passively map a small area around you.
You do not regenerate.


Message History

The bat hits you. The bat hits you. The bat barely misses you.
The bat misses you. The bat hits you. The bat hits you. The bat hits you.
The bat hits you. The bat misses you. The bat closely misses you.
The bat closely misses you. The bat hits you. x2
The bat hits you. The bat barely misses you. The bat hits you.
The bat closely misses you. The bat hits you. The bat misses you.
The bat closely misses you. The bat hits you. The bat barely misses you.
The bat hits you. The bat misses you. The bat barely misses you.
The bat misses you. The bat barely misses you. The bat completely misses you.
The bat completely misses you. The bat barely misses you. The bat hits you.
The bat hits you. The bat closely misses you. The bat closely misses you.
The bat barely misses you. The bat barely misses you. The bat hits you.
The bat hits you. The bat completely misses you. The bat hits you.
The bat closely misses you. The bat hits you. The bat closely misses you.
The bat closely misses you. The bat barely misses you. The bat hits you.
The bat misses you. The bat barely misses you. The bat barely misses you. x2
The bat hits you. x2
The bat hits you. The bat closely misses you. The bat barely misses you.
The bat hits you. The bat hits you. The bat misses you. The bat misses you.
The bat closely misses you. The bat closely misses you. The bat hits you.
The bat hits you. The bat misses you. The bat hits you. The bat hits you.
The bat barely misses you. The bat closely misses you. The bat hits you.
The bat barely misses you. The bat completely misses you.
The bat closely misses you. The bat closely misses you. The bat hits you.
The bat misses you. The bat barely misses you. The bat hits you.
The bat hits you. The bat barely misses you. The bat barely misses you.
The bat barely misses you. The bat hits you. The bat barely misses you.
The bat hits you. The bat closely misses you. The bat barely misses you.
The bat closely misses you. The bat barely misses you. The bat misses you.
The bat hits you. The bat closely misses you. The bat hits you.
The bat closely misses you. The bat barely misses you. The bat hits you.
The bat hits you. The bat hits you. The bat misses you. The bat hits you.
The bat hits you. The bat hits you. The bat completely misses you.
The bat closely misses you. The bat misses you. The bat hits you.
The bat barely misses you. The bat hits you. The bat closely misses you.
The bat barely misses you. The bat misses you. The bat misses you.
The bat barely misses you. The bat completely misses you. The bat hits you.
The bat barely misses you.
You barely miss the bat. The bat closely misses you.
Unknown command.
The bat misses you. The bat barely misses you. The bat hits you.
The bat completely misses you. The bat barely misses you. x2
The bat misses you. The bat hits you. The bat barely misses you.
The bat barely misses you.
Are you sure you want to abandon this character and quit the game? (Confirm with "yes".)

* #+# * #.........# * ,
#.........# *
#..###.##.# * , *
#..#....#.# * *#+#* *
#..###..#.# , ###.#
#.......#.# , ....#
##.####.#.#,* *
##..########.####b#.#,*
................@..># ,
###..####.##.####.###,
#..# #.##.# #...,, ,
#..## #.##.# *##### ,
#...# #.##.. , ,, *
#.#.# #.####* * * *
#.#.###'######## *
#.#(............ *
*#.##............


You could see a bat.

Vanquished Creatures
  A leopard gecko (D:1)
  A goblin (D:1)
  A kobold (D:1)
  A rat (D:1)
4 creatures vanquished.

Notes
Turn   | Place    | Note
-------+----------+-------------------------------------------
     0 | D:1      | Monsterracer the Deep Dwarf Wizard began the quest for the Orb.
     0 | D:1      | Reached XP level 1. HP: 15/15 MP: 4/4
   124 | D:1      | HP: 8/16 [leopard gecko (3)]
   125 | D:1      | Reached skill level 1 in Fighting
   866 | D:1      | Quit the game

Skill      XL: |  1 |
---------------+----+-----
Fighting       | 1 |  1.1
Dodging        | |  2.1
Stealth        | |  2.4
Spellcasting   | |  2.6
Conjurations   | |  0.8
Summonings     | |  0.8
Translocations | |  1.1

Action                   || total
-------------------------++-------
Melee: Unarmed           ||     6
       Whip              ||     3
 Cast: Magic Dart        ||     6
Armor: Robe              ||     7
Dodge: Dodged            ||   472

Vault maps used:
D:1:      dpeg_arrival_orchard
